Map: Artillería pesada EE

Players

HalconNegro

  • Race: Terran Terran
  • Spawn Location: 7:00

ezeap

  • Race: Protoss Protoss
  • League: Silver
  • Spawn Location: 7:00

MrFercho - Winner!

  • Race: Zerg Zerg
  • League: Silver
  • Spawn Location: 1:00

TATORREA - Winner!

  • Race: Protoss Protoss
  • League: Silver
  • Spawn Location: 3:00

VOD

Have the link to the VOD?

Description

Time

  • Played on: May 30, 2020, 7:43 p.m.
  • Length: 8:58
Show
View Real Time Build Order
Export as new Build Order

HalconNegro Terran 

Build Orders:  

Get SALT Encoding   

  12  0:03  SCV  
  13  0:19  Supply Depot  
  14  0:21  SCV  
  14  0:37  Refinery  
  14  0:38  SCV  
  15  0:47  Barracks  
  15  0:50  SCV  
  16  1:09  SCV  
  17  1:27  SCV  
  18  1:34  Refinery  
  18  1:42  Factory  
  18  1:54  SCV  
  19  1:59  Barracks Reactor  
  19  2:06  SCV  
  20  2:18  SCV  
  21  2:25  Command Center  
  21  2:27  Factory Tech Lab  
  21  2:37  Starport  
  21  2:44  Barracks  
  21  2:46  Marine  
  21  2:47  Marine  
  23  3:04  Supply Depot  
  23  3:25  Marine x2, Siege Tank, SCV  
  29  3:31  Supply Depot  
  29  3:37  SCV  
  30  3:43  Marine x2  
  30  3:44  Barracks Tech Lab  
  32  3:49  SCV  
  32  3:53  Engineering Bay  
  33  4:00  Marine  
  34  4:11  Medivac  
  36  4:18  SCV  
  36  4:21  Orbital Command  
  37  4:30  Supply Depot, SCV  
  38  4:34  Combat Shield  
  38  4:42  SCV  
  39  4:50  Marine  
  39  4:51  Marine  
  41  4:54  Starport Reactor, SCV  
  42  5:08  Marine x2  
  44  5:19  Refinery  
  44  5:20  SCV  
  45  5:32  SCV  
  46  5:44  SCV  
  47  5:56  SCV  
  48  6:01  Refinery  
  48  6:08  SCV  
  49  6:20  SCV  
  41  6:40  Viking x2  
  45  6:50  SCV  
  46  6:55  Siege Tank  
  49  7:02  SCV  
  50  7:10  Viking x2  
  50  7:12  Stimpack  
  50  7:15  SCV  
  55  7:27  Siege Tank  
  58  7:40  Viking x2  
  62  8:05  Command Center  
  62  8:32  Marine  
  62  8:33  Marine  
  62  8:40  Marine  
Show
View Real Time Build Order
Export as new Build Order

ezeap Protoss 

Build Orders:  

Get SALT Encoding   

  12  0:11  Pylon  
  12  0:14  Probe  
  13  0:33  Gateway, Probe  
  14  0:40  Assimilator  
  14  0:50  Assimilator  
  14  0:54  Probe (Chrono Boost)  
  15  1:05  Probe (Chrono Boost)  
  16  1:12  Probe  
  17  1:23  Cybernetics Core  
  17  1:36  Probe (Chrono Boost)  
  19  1:47  Probe (Chrono Boost)  
  19  1:51  Pylon  
  19  1:52  Probe (Chrono Boost)  
  20  2:11  Stargate  
  20  2:18  Probe (Chrono Boost)  
  21  2:24  Stargate  
  21  2:28  Probe (Chrono Boost)  
  22  2:33  Zealot  
  24  2:55  Void Ray  
  28  3:02  Pylon  
  28  3:08  Pylon  
  28  3:19  Void Ray  
  32  3:42  Gateway, Void Ray  
  36  4:10  Void Ray (Chrono Boost)  
  40  5:04  Void Ray  
  44  5:11  Pylon  
  44  5:49  Void Ray  
  32  7:38  Stalker  
  32  7:39  Stalker  
  36  7:49  Pylon  
  36  8:12  Void Ray x2  
Show
View Real Time Build Order
Export as new Build Order

MrFercho Zerg - Winner!

Build Orders: 3 Hatch before Pool 

Get SALT Encoding   

  12  0:01  Drone  
  13  0:09  Drone  
  14  0:30  Extractor x2  
  14  0:31  Drone x2  
  16  1:37  Hatchery  
  15  1:40  Hatchery  
  14  1:48  Spawning Pool  
  13  2:00  Overlord  
  13  2:01  Overlord x2  
  13  2:09  Hatchery  
  13  2:14  Drone  
  13  2:15  Extractor x2  
  11  2:29  Drone  
  12  2:34  Queen  
  14  2:48  Drone x2  
  14  2:50  Drone  
  17  2:52  Drone  
  17  2:55  Drone  
  19  3:09  Drone x3  
  22  3:20  Drone  
  22  3:21  Drone x2  
  25  3:36  Drone x5  
  30  3:43  Pneumatized Carapace  
  30  3:51  Drone  
  30  3:52  Drone x2  
  30  3:54  Drone  
  34  3:56  Drone  
  35  4:27  Lair  
  35  4:32  Drone  
  35  4:33  Drone x12  
  48  4:42  Extractor  
  48  4:43  Extractor  
  46  5:01  Zergling x2  
  46  5:02  Zergling x18  
  56  5:11  Baneling Nest  
  55  5:19  Evolution Chamber x2  
  53  5:33  Drone x3  
  56  5:47  Zerg Melee Weapons Level 1  
  56  5:55  Hydralisk Den  
  55  6:00  Nydus Network  
  55  6:03  Queen  
  56  6:06  Overlord x2  
  56  6:07  Overlord x5  
  55  6:24  Queen  
  47  7:33  Spawning Pool  
  46  8:12  Hydralisk x3  
  52  8:23  Drone x3  
  52  8:24  Drone  
Show
View Real Time Build Order
Export as new Build Order

TATORREA Protoss - Winner!

Build Orders:  

Get SALT Encoding   

  12  0:01  Probe  
  13  0:18  Probe  
  14  0:30  Probe  
  14  0:33  Pylon  
  15  0:46  Assimilator  
  15  0:51  Probe  
  17  1:04  Probe  
  17  1:16  Probe  
  17  1:17  Gateway  
  18  1:21  Gateway  
  18  1:28  Probe  
  18  1:30  Pylon  
  19  1:35  Assimilator  
  19  1:44  Probe  
  20  1:56  Probe  
  21  2:08  Probe  
  22  2:21  Nexus  
  22  2:22  Pylon  
  22  2:49  Cybernetics Core  
  22  2:52  Pylon  
  22  2:55  Pylon, Probe  
  23  2:58  Pylon  
  23  3:07  Probe  
  24  3:16  Warp Gate  
  25  3:20  Probe  
  25  3:32  Probe  
  26  3:36  Gateway x2  
  26  3:38  Gateway  
  26  3:42  Probe  
  26  3:44  Probe  
  28  3:51  Stalker (Chrono Boost)  
  30  3:57  Stalker (Chrono Boost)  
  32  4:05  Probe x2  
  34  4:26  Forge  
  34  4:27  Robotics Facility  
  34  4:29  Twilight Council  
  34  4:30  Probe  
  34  4:31  Probe  
  36  4:42  Probe  
  36  4:43  Probe  
  38  4:55  Probe x2  
  38  4:56  Charge  
  41  5:07  Probe x2  
  41  5:11  Protoss Air Weapons Level 1  
  42  5:15  Observer  
  43  5:24  Stalker  
  43  5:25  Stalker x3  
  51  5:32  Stalker  
  51  5:33  Protoss Ground Weapons Level 1 (Chrono Boost)  
  53  5:36  Observer  
  54  5:51  Pylon  
  54  5:54  Pylon  
  54  5:57  Stalker, Pylon  
  54  5:58  Observer  
  54  6:00  Stalker  
  54  6:01  Pylon  
  54  6:02  Stalker  
  61  6:04  Stalker, Pylon  
  63  6:18  Warp Prism  
  65  7:21  Stalker  
  65  7:22  Stalker x4  
  73  8:08  Assimilator, Probe x2  
  73  8:11  Assimilator  
  73  8:12  Stalker x2  
  77  8:13  Stalker x2  
  77  8:14  Stalker  
  85  8:20  Probe x2  
  85  8:24  Nexus  
  87  8:32  Probe x2  
Tags
 
Add a new tag
Caveats
  • Supply blocks, unpowered buildings, or Contaminate may cause inaccurate times.
  • Supply counts are checked every 10 seconds.